 Dungeon Sprint DCSS version 0.17-a0-1920-gafa4d75 (webtiles) character file.

91245 Kidiri the Imperceptible (level 14, -3/62 (64) HPs)
             Began as a Spriggan Enchanter on Sept 27, 2015.
             Was the Champion of Dithmenos.
             Killed by a mummy priest's death curse (20 damage)
             ... in the Dungeon (Sprint III: "The Ten Rune Challenge").
             The game lasted 00:44:14 (8303 turns).

Kidiri the Imperceptible (Spriggan Enchanter)       Turns: 8303, Time: 00:44:15

HP:   -3/62 (64)    AC:  8    Str:  4    XL:     14   Next: 67%
MP:   29/48         EV: 38    Int: 24    God:    Dithmenos [******]
Gold: 3131          SH:  0    Dex: 19    Spells: 10 memorised, 10 levels left

rFire  . . .     SeeInvis +     o - +5 quick blade
rCold  . . .     Rnd*Rage +     n - +2 robe {MR+}
rNeg   . . .     SustAt   .     (shield restricted)
rPois  .         Gourm    .     w - +3 hat of Pondering {ponderous, MR+ MP+10 Int+5}
rElec  +         Spirit   .     f - +0 cloak
rCorr  .         Warding  .     (gloves unavailable)
rMut   .         NoTele   +     (boots unavailable)
MR     ++++.                    (no amulet)
Stlth  ++++++++++               (no ring)
                                (no ring)

@: non-regenerating, mildly diseased, wreathed by umbra, very quick, incredibly
resistant to hostile enchantments, uncannily stealthy
A: unfitting armour, see invisible, berserk 1, herbivore 3, speed 3, robust 1,
electricity resistance, slow metabolism 2
a: Shadow Step, Shadow Form, Renounce Religion
}: 2/10 runes: serpentine, barnacled


You were in the Dungeon.
You worshipped Dithmenos.
Dithmenos was exalted by your worship.
You were hungry.

You visited 1 branch You collected 5580 gold pieces.
You spent 2449 gold pieces at shops.

Inventory:

Hand weapons
 o - a +5 quick blade (weapon)
Missiles
 q - a throwing net (quivered)
Armour
 f - a +0 cloak (worn)
 n - a +2 robe of magic resistance (worn)
 p - a +2 robe of positive energy
 w - the +3 hat of Pondering (worn) {ponderous, MR+ MP+10 Int+5}
   (You took it off Gastronok in the Dungeon)

   It affects your intelligence (+5).
   It affects your resistance to hostile enchantments.
   It affects your magic capacity (+10).
Magical devices
 u - a wand of polymorph (14)
Scrolls
 j - a scroll of blinking
 l - a scroll of summoning {unknown}
 t - a scroll of amnesia
Potions
 a - 2 potions of brilliance
 c - a potion of might
 e - 7 potions of curing
 g - a potion of haste
 h - 2 potions of magic
 i - a potion of berserk rage
 k - a potion of lignification
 r - a potion of ambrosia
 s - 3 potions of flight
 v - a potion of cure mutation
Comestibles
 b - 2 fruits
 d - a bread ration
 m - 30 royal jellies


   Skills:
 * Level 18.4 Short Blades
 * Level 22.8 Dodging
 * Level 24.7 Stealth
 * Level 19.8 Spellcasting
 + Level 9.8 Conjurations
 + Level 15.0 Hexes
 + Level 7.7 Translocations
 + Level 10.7 Ice Magic
 + Level 4.5 Air Magic
 + Level 5.1 Poison Magic
 - Level 7.1 Invocations


You had 10 spell levels left.
You knew the following spells:

 Your Spells              Type           Power        Failure   Level  Hunger
a - Corona                Hex            #######      0%          1    None
b - Ensorcelled Hibernat  Hex/Ice        ######       0%          2    None
c - Confuse               Hex            #######.     0%          3    None
d - Tukima's Dance        Hex            #######.     0%          3    None
e - Dazzling Spray        Conj/Hex       ######..     1%          3    None
f - Mephitic Cloud        Conj/Pois/Air  ######..     1%          3    None
g - Freezing Cloud        Conj/Ice/Air   ######....   12%         6    ###....
h - Poisonous Cloud       Conj/Pois/Air  ######....   24%         6    ###....
i - Controlled Blink      Tloc           N/A          75%         7    #####..
j - Disjunction           Tloc           ######....   100%        8    ######.


Dungeon Overview and Level Annotations

Branches:
Dungeon (1/1)

Altars:
Cheibriados
Dithmenos
Elyvilon
Fedhas
Gozag
Kikubaaqudgha
Makhleb
Nemelex Xobeh
Okawaru
Qazlal
Ru
Sif Muna
Trog
Vehumet
Xom
Yredelemnul
Zin
The Shining One
Jiyva
Lugonu

Shops:
D %(:[(!:?=[(!(:!}%}(


Innate Abilities, Weirdness & Mutations

You are tiny and cannot use many weapons and most armour.
You have supernaturally acute eyesight.
You are a herbivore.
You cover ground extremely quickly.
You need consume almost no food.
You tend to lose your temper in combat.
You are robust (+10% HP).
You are resistant to electric shocks.


Message History

The spray of energy hits the jiangshi.
The jiangshi is lightly damaged.
The jiangshi completely misses you. x4
Unknown command.
Casting: Dazzling Spray
Confirm with . or Enter, or press ? or * to list all spells.
Aiming: Dazzling Spray
Press: ? - help, Shift-Dir - straight line, f/p - mummy priest
Aim: a mummy priest (black smoke, almost destroyed, umbra)
The spray of energy hits the mummy priest.
The mummy priest is almost destroyed.
The spray of energy hits the jiangshi.
The jiangshi is moderately damaged.
Your shadow mimicks your spell!
The shadow shard hits the mummy priest.
You destroy the mummy priest!
Dithmenos accepts your kill.
You feel extremely nervous for a moment...
You convulse helplessly as pain tears through your body!
You die...

......#################.#
......#|).#L#...^^...#..#
......#%..###.....))^+.^#
......#....^.^....)).+..#
#######[|^^.§........#^.#
≈≈≈≈**################..#
≈≈,≈*,#.................#
,,,≈*,▓'▓▓▓▓▓▓▓▓▓▓▓▓▓▓▓▓▓
,,,,,,▓^.#^..^§§@§M^^...#
*,,≈*,▓^^#....§§§V§.....#
**,≈*,▓..#^.##########..#
,**+**▓..#..#,,,,,,,,#..#
,**,,,▓..#..#,,,,,,,,#..#
,****,▓.^#..#,,,,,,,,#Z.#
,,,,,,▓.%#..#,,,,,,,,#..#
**+***▓..#..#+*******#Z.#
⌠,,,≈,▓..#..#,,,,,,,,^.M#


You could see a jiangshi and a mummy.

Vanquished Creatures
  Rupert (D)
  2 sphinxes (D)
  Polyphemus (D)
  Gastronok (D)
  Harold (D)
  A greater naga (D)
  Ilsuiw (D)
  Maud (D)
  2 deep elf annihilators (D)
  2 dire elephants (D)
  2 deep elf demonologists (D)
  A merfolk javelineer (D)
  Snorg (D)
  A mummy priest (D)
  2 deep elf death magi (D)
  A fire dragon (D)
  A yaktaur captain (D)
  2 centaur warriors (D)
  A naga warrior (D)
  A hydra (D)
  4 dancing weapons (D)
  4 death yaks (D)
  4 orc high priests (D)
  4 anacondas (D)
  A deep elf knight (D)
  4 skeletal warriors (D)
  A swamp dragon (shapeshifter) (D)
  A sea snake (D)
  An unseen horror (D)
  A death drake (D)
  A spriggan druid (D)
  A hill giant (shapeshifter) (D)
  An obsidian statue (D)
  A giant orange brain (shapeshifter) (D)
  A lindwurm (D)
  A deep elf summoner (D)
  An orc sorcerer (D)
  Joseph (D)
  An orc knight (D)
  2 deep elf conjurers (D)
  4 crystal guardians (D)
  4 ugly things (D)
  A guardian serpent (D)
  2 elephants (D)
  5 black mambas (D)
  A komodo dragon (D)
  2 spiny frogs (D)
  A fire drake (D)
  2 deep elf priests (D)
  9 guardian mummies (D)
  4 spriggan defenders (D)
  4 slime creatures (D)
  A queen bee (D)
  8 blink frogs (D)
  3 wandering mushrooms (D)
  3 redbacks (D)
  A shadow (D)
  2 spriggans (D)
  A spatial vortex (D)
  A naga (D)
  7 water moccasins (D)
  A swamp drake (D)
  2 centaurs (D)
  A necrophage (D)
  An earth elemental (D)
  2 brain worms (D)
  A water elemental (D)
  32 killer bees (D)
  An electric eel (D)
  A wizard (D)
  A jelly (D)
  2 orc wizards (D)
  3 orc priests (D)
  Jessica (D)
  3 sheep (D)
  A wolf (D)
  A necromancer (D)
  3 humans (D)
  A kobold demonologist (D)
  2 adders (D)
  An ooze (D)
  6 orcs (D)
  3 rats (D)
  8 bushes (D)
  9 plants (D)
215 creatures vanquished.

Vanquished Creatures (collateral kills)
  A naga (D)
  An orc warrior (D)
  An orc wizard (D)
  2 orcs (D)
5 creatures vanquished.

Vanquished Creatures (others)
  2 draconian scorchers (D)
  A hydra (D)
  2 dancing weapons (D)
  3 yaktaurs (D)
  11 plants (D)
19 creatures vanquished.

Grand Total: 239 creatures vanquished

Notes
Turn   | Place    | Note
--------------------------------------------------------------
     0 | D        | Kidiri the Spriggan Enchanter began the quest for the Orb.
     0 | D        | Reached XP level 1. HP: 9/9 MP: 5/5
    22 | D        | Noticed Jessica
    27 | D        | Killed Jessica
    27 | D        | Reached skill level 6 in Stealth
    27 | D        | Reached XP level 2. HP: 13/13 MP: 6/8
    51 | D        | Learned a level 2 spell: Ensorcelled Hibernation
    59 | D        | Noticed a wolf
    74 | D        | Killed a wolf
    74 | D        | Reached skill level 5 in Dodging
    74 | D        | Reached XP level 3. HP: 16/16 MP: 2/10
   141 | D        | Learned a level 3 spell: Confuse
   145 | D        | Learned a level 3 spell: Tukima's Dance
   162 | D        | Reached skill level 7 in Stealth
   162 | D        | Reached skill level 1 in Ice Magic
   162 | D        | Reached XP level 4. HP: 13/21 MP: 4/11
   186 | D        | Killed a yaktaur
   199 | D        | Killed a white draconian scorcher
   201 | D        | Killed a white draconian scorcher
   292 | D        | Gained mutation: You evolve. [potion of mutation]
   292 | D        | Gained mutation: You are resistant to hostile enchantments. [potion of mutation]
   292 | D        | Lost mutation: You are resistant to hostile enchantments. [potion of mutation]
   293 | D        | Gained mutation: You are resistant to electric shocks. [potion of mutation]
   293 | D        | Gained mutation: You are clumsy. (Dex -2) [potion of mutation]
   293 | D        | Gained mutation: You tend to lose your temper in combat. [potion of mutation]
   298 | D        | Learned a level 3 spell: Dazzling Spray
   327 | D        | Noticed a water elemental
   329 | D        | Killed a water elemental
   329 | D        | Reached skill level 8 in Stealth
   329 | D        | Reached skill level 5 in Spellcasting
   329 | D        | Reached skill level 5 in Hexes
   340 | D        | Noticed a jelly
   341 | D        | Noticed a shadow
   343 | D        | Killed a shadow
   343 | D        | Reached skill level 9 in Stealth
   343 | D        | Reached skill level 1 in Conjurations
   343 | D        | Reached XP level 5. HP: 24/24 MP: 12/15
   343 | D        | Reached XP level 6. HP: 28/28 MP: 13/17
   346 | D        | Killed a jelly
   346 | D        | Reached skill level 10 in Stealth
   386 | D        | Found a stormy altar of Qazlal.
   387 | D        | Found a sacrificial altar of Ru.
   387 | D        | Found a burning altar of Makhleb.
   387 | D        | Found a viscous altar of Jiyva.
   387 | D        | Found a shimmering altar of Xom.
   387 | D        | Found a shadowy altar of Dithmenos.
   387 | D        | Found a sparkling altar of Nemelex Xobeh.
   387 | D        | Found a corrupted altar of Lugonu.
   387 | D        | Found an opulent altar of Gozag.
   387 | D        | Noticed a spatial vortex
   391 | D        | Became a worshipper of Dithmenos the Shadowed
   392 | D        | Killed a spatial vortex
   392 | D        | Reached skill level 1 in Invocations
   427 | D        | Found a radiant altar of Vehumet.
   428 | D        | Found a deep blue altar of Sif Muna.
   428 | D        | Found an ancient bone altar of Kikubaaqudgha.
   428 | D        | Noticed a wizard
   429 | D        | Killed a wizard
   451 | D        | Found a glowing silver altar of Zin.
   452 | D        | Found a glowing golden altar of the Shining One.
   452 | D        | Found a white marble altar of Elyvilon.
   452 | D        | Noticed a deep elf priest
   454 | D        | Killed a deep elf priest
   454 | D        | Reached skill level 10 in Dodging
   454 | D        | Reached skill level 11 in Stealth
   454 | D        | Reached XP level 7. HP: 32/32 MP: 20/20
   474 | D        | Found an iron altar of Okawaru.
   475 | D        | Found a bloodstained altar of Trog.
   475 | D        | Noticed a human
   475 | D        | Noticed a human
   477 | D        | Killed a human
   484 | D        | Killed a human
   484 | D        | Reached skill level 12 in Stealth
   521 | D        | Found a snail-covered altar of Cheibriados.
   521 | D        | Noticed a necrophage
   525 | D        | Noticed a necromancer
   529 | D        | Killed a necrophage
   529 | D        | Acquired Dithmenos's first power
   529 | D        | Reached XP level 8. HP: 36/36 MP: 15/22
   550 | D        | Killed a necromancer
   551 | D        | Found a basalt altar of Yredelemnul.
   551 | D        | Found a blossoming altar of Fedhas.
   613 | D        | Killed a yaktaur
   660 | D        | Noticed Snorg
   670 | D        | Killed Snorg
   670 | D        | Reached skill level 13 in Stealth
   670 | D        | Reached skill level 10 in Spellcasting
   682 | D        | Noticed an earth elemental
   686 | D        | Killed an earth elemental
   701 | D        | Noticed a centaur
   701 | D        | Noticed a centaur warrior
   701 | D        | Noticed a centaur
   712 | D        | Killed a centaur
   712 | D        | Reached XP level 9. HP: 37/39 MP: 20/24
   715 | D        | Killed a centaur warrior
   715 | D        | Reached skill level 10 in Short Blades
   715 | D        | Reached skill level 14 in Stealth
   715 | D        | Reached skill level 5 in Ice Magic
   715 | D        | Reached skill level 5 in Invocations
   729 | D        | Killed a centaur
   729 | D        | Acquired Dithmenos's second power
   859 | D        | Noticed an unseen horror
   861 | D        | Killed an unseen horror
   871 | D        | Noticed a killer bee
   871 | D        | Noticed a killer bee
   871 | D        | Noticed a killer bee
   871 | D        | Noticed a killer bee
   871 | D        | Noticed a killer bee
   871 | D        | Noticed a killer bee
   871 | D        | Noticed a killer bee
   871 | D        | Noticed a killer bee
   871 | D        | Noticed a killer bee
   871 | D        | Noticed a killer bee
   871 | D        | Noticed a killer bee
   871 | D        | Noticed a killer bee
   871 | D        | Noticed a killer bee
   871 | D        | Noticed a killer bee
   871 | D        | Noticed a killer bee
   872 | D        | Noticed a killer bee
   872 | D        | Noticed a killer bee
   872 | D        | Noticed a killer bee
   872 | D        | Noticed a killer bee
   872 | D        | Noticed a killer bee
   872 | D        | Noticed a queen bee
   872 | D        | Noticed a killer bee
   872 | D        | Noticed a killer bee
   872 | D        | Noticed a killer bee
   872 | D        | Noticed a killer bee
   872 | D        | Noticed a killer bee
   872 | D        | Noticed a killer bee
   872 | D        | Noticed a killer bee
   872 | D        | Noticed a killer bee
   872 | D        | Noticed a killer bee
   872 | D        | Noticed a killer bee
   872 | D        | Noticed a killer bee
   872 | D        | Noticed a killer bee
   873 | D        | Killed a killer bee
   874 | D        | Killed a killer bee
   876 | D        | Killed a killer bee
   883 | D        | Killed a killer bee
   883 | D        | Acquired Dithmenos's third power
   888 | D        | Killed a killer bee
   891 | D        | Killed a killer bee
   893 | D        | Killed a killer bee
   908 | D        | Killed a killer bee
   915 | D        | Killed a killer bee
   917 | D        | Killed a killer bee
  1054 | D        | Killed a killer bee
  1054 | D        | Acquired Dithmenos's fourth power
  1054 | D        | Reached skill level 15 in Stealth
  1061 | D        | Killed a killer bee
  1069 | D        | Killed a queen bee
  1069 | D        | Reached XP level 10. HP: 31/44 MP: 4/26
  1071 | D        | Killed a killer bee
  1073 | D        | Killed a killer bee
  1222 | D        | Killed a killer bee
  1224 | D        | Killed a killer bee
  1226 | D        | Killed a killer bee
  1237 | D        | Killed a killer bee
  1239 | D        | Killed a killer bee
  1241 | D        | Killed a killer bee
  1246 | D        | Killed a killer bee
  1246 | D        | Reached skill level 5 in Conjurations
  1250 | D        | Killed a killer bee
  1263 | D        | Killed a killer bee
  1271 | D        | Killed a killer bee
  1276 | D        | Killed a killer bee
  1278 | D        | Killed a killer bee
  1280 | D        | Killed a killer bee
  1282 | D        | Killed a killer bee
  1284 | D        | Killed a killer bee
  1286 | D        | Killed a killer bee
  1288 | D        | Killed a killer bee
  1291 | D        | Killed a killer bee
  1363 | D        | Noticed a wandering mushroom
  1405 | D        | Noticed a wandering mushroom
  1405 | D        | Noticed a wandering mushroom
  1406 | D        | Killed a wandering mushroom
  1408 | D        | Killed a wandering mushroom
  1409 | D        | Killed a wandering mushroom
  1449 | D        | Noticed a spiny frog
  1449 | D        | Noticed a komodo dragon
  1449 | D        | Noticed a spiny frog
  1452 | D        | Killed a spiny frog
  1452 | D        | Reached skill level 16 in Stealth
  1453 | D        | Killed a spiny frog
  1456 | D        | Killed a komodo dragon
  1456 | D        | Reached skill level 10 in Hexes
  1463 | D        | Noticed a redback
  1465 | D        | Killed a redback
  1466 | D        | Noticed a brain worm
  1470 | D        | Killed a brain worm
  1475 | D        | Noticed a brain worm
  1477 | D        | Killed a brain worm
  1477 | D        | Reached skill level 15 in Dodging
  1480 | D        | Noticed a lindwurm
  1489 | D        | Killed a lindwurm
  1529 | D        | Noticed a redback
  1531 | D        | Killed a redback
  1536 | D        | Noticed a redback
  1537 | D        | Killed a redback
  1538 | D        | Noticed Maud
  1540 | D        | Killed Maud
  1540 | D        | Reached skill level 17 in Stealth
  1540 | D        | Reached XP level 11. HP: 47/47 MP: 27/29
  1548 | D        | Noticed an electric eel
  1549 | D        | Noticed a four-headed hydra
  1549 | D        | Noticed a five-headed hydra
  1551 | D        | Killed an electric eel
  1586 | D        | Killed a four-headed hydra
  1689 | D        | Killed a five-headed hydra
  1700 | D        | Noticed a death drake
  1703 | D        | Killed a death drake
  1713 | D        | Found a blossoming altar of Fedhas.
  1713 | D        | Noticed a spriggan
  1713 | D        | Noticed a spriggan druid
  1713 | D        | Noticed a spriggan
  1715 | D        | Killed a spriggan druid
  1716 | D        | Killed a spriggan
  1717 | D        | Killed a spriggan
  1738 | D        | Noticed Polyphemus
  1740 | D        | Noticed Ilsuiw
  1741 | D        | Killed Polyphemus
  1741 | D        | Reached skill level 18 in Stealth
  1743 | D        | Killed Ilsuiw
  1763 | D        | Noticed a sea snake
  1765 | D        | Found Ypyomiunt's Antique Weapon Emporium.
  1767 | D        | Found Itwyor's Distillery.
  1779 | D        | Killed a sea snake
  1783 | D        | Found Faahudeg's Book Shoppe.
  1784 | D        | Noticed a merfolk javelineer
  1786 | D        | Killed a merfolk javelineer
  1786 | D        | Reached skill level 15 in Spellcasting
  1807 | D        | Got a barnacled rune of Zot
  1883 | D        | Noticed a swamp drake
  1883 | D        | Noticed a fire drake
  1884 | D        | Killed a fire drake
  1886 | D        | Killed a swamp drake
  1886 | D        | Reached skill level 19 in Stealth
  1913 | D        | Noticed a blink frog
  1913 | D        | Noticed a blink frog
  1914 | D        | Noticed a blink frog
  1914 | D        | Noticed a blink frog
  1914 | D        | Noticed a blink frog
  1915 | D        | Killed a blink frog
  1915 | D        | Reached XP level 12. HP: 51/51 MP: 27/32
  1916 | D        | Killed a blink frog
  1917 | D        | Killed a blink frog
  1919 | D        | Killed a blink frog
  1922 | D        | Killed a blink frog
  1940 | D        | Noticed Rupert
  1942 | D        | Killed Rupert
  1963 | D        | Noticed a death yak
  1964 | D        | Noticed a death yak
  1964 | D        | Noticed a blink frog
  1965 | D        | Noticed a death yak
  1970 | D        | Noticed a death yak
  1974 | D        | Killed a death yak
  1976 | D        | Noticed a blink frog
  1980 | D        | Killed a death yak
  1991 | D        | Noticed a black mamba
  1995 | D        | Noticed a black mamba
  2002 | D        | Killed a death yak
  2002 | D        | Reached skill level 20 in Stealth
  2020 | D        | Killed a black mamba
  2242 | D        | Killed a black mamba
  2365 | D        | Killed a yaktaur
  2402 | D        | Noticed a blink frog
  2409 | D        | Killed a blink frog
  2418 | D        | Killed a blink frog
  2428 | D        | Killed a death yak
  2431 | D        | Noticed an azure jelly
  2431 | D        | Noticed an azure jelly
  2434 | D        | Noticed an azure jelly
  2434 | D        | Noticed an azure jelly
  2451 | D        | Killed a blink frog
  2451 | D        | Reached skill level 15 in Short Blades
  2467 | D        | Gained mutation: You are robust (+10% HP). [evolution]
  2595 | D        | Noticed a water moccasin
  2596 | D        | Noticed a black mamba
  2596 | D        | Noticed a water moccasin
  2596 | D        | Noticed a water moccasin
  2596 | D        | Noticed an anaconda
  2597 | D        | Killed a water moccasin
  2599 | D        | Killed an anaconda
  2600 | D        | Killed a black mamba
  2601 | D        | Killed a water moccasin
  2608 | D        | Killed a water moccasin
  2683 | D        | Noticed an anaconda
  2683 | D        | Noticed an anaconda
  2683 | D        | Noticed a water moccasin
  2684 | D        | Noticed a water moccasin
  2685 | D        | Killed an anaconda
  2687 | D        | Killed an anaconda
  2690 | D        | Killed a water moccasin
  2692 | D        | Killed a water moccasin
  2709 | D        | Noticed a black mamba
  2709 | D        | Noticed a water moccasin
  2709 | D        | Noticed a water moccasin
  2709 | D        | Noticed a black mamba
  2710 | D        | Killed a black mamba
  2713 | D        | Noticed an anaconda
  2714 | D        | Killed a water moccasin
  2716 | D        | Killed a water moccasin
  2718 | D        | Killed a black mamba
  2718 | D        | Reached skill level 21 in Stealth
  2720 | D        | Killed an anaconda
  2739 | D        | Noticed a naga
  2739 | D        | Noticed a naga
  2740 | D        | Noticed a naga warrior
  2740 | D        | Noticed a greater naga
  2740 | D        | Found Yckolu Wofa's Food Boutique.
  2740 | D        | Found Foolagoo's Antique Weapon Emporium.
  2740 | D        | Found Diopicaf's Book Shop.
  3054 | D        | Killed a greater naga
  3054 | D        | Reached XP level 13. HP: 60/60 MP: 19/34
  3062 | D        | Killed a naga
  3114 | D        | Killed a naga warrior
  3184 | D        | Killed a naga
  3273 | D        | Noticed a guardian serpent
  3275 | D        | Killed a guardian serpent
  3277 | D        | Got a serpentine rune of Zot
  3440 | D        | Noticed an elephant
  3440 | D        | Noticed an elephant
  3440 | D        | Noticed a dire elephant
  3440 | D        | Noticed a dire elephant
  3440 | D        | Noticed Gastronok
  3442 | D        | Killed Gastronok
  3443 | D        | Killed a dire elephant
  3451 | D        | Killed a dire elephant
  3454 | D        | Killed an elephant
  3458 | D        | HP: 3/60 [elephant (18)]
  3460 | D        | HP: 1/60 [elephant (3)]
  3808 | D        | Killed an elephant
  4025 | D        | Noticed an orc wizard
  4026 | D        | Noticed an orc wizard
  4027 | D        | Noticed an orc priest
  4027 | D        | Noticed an orc knight
  4027 | D        | Noticed an orc high priest
  4027 | D        | Noticed an orc warrior
  4027 | D        | Noticed an orc wizard
  4027 | D        | Noticed an orc sorcerer
  4027 | D        | Noticed an orc priest
  4029 | D        | Killed an orc priest
  4031 | D        | Found Demido's Armour Shop.
  4035 | D        | Killed an orc warrior
  4037 | D        | Killed an orc wizard
  4041 | D        | Killed an orc priest
  4046 | D        | Killed an orc sorcerer
  4046 | D        | Reached skill level 22 in Stealth
  4053 | D        | Killed an orc wizard
  4062 | D        | Killed an orc knight
  4081 | D        | Killed an orc high priest
  4082 | D        | Killed an orc wizard
  4278 | D        | Noticed a deep elf conjurer
  4278 | D        | Noticed a deep elf knight
  4278 | D        | Noticed a deep elf conjurer
  4278 | D        | Noticed a deep elf priest
  4278 | D        | Noticed a deep elf summoner
  4287 | D        | Killed a deep elf conjurer
  4301 | D        | Killed a deep elf conjurer
  4310 | D        | Killed a deep elf knight
  4327 | D        | Killed a deep elf summoner
  4334 | D        | Killed a deep elf priest
  4393 | D        | Noticed a deep elf annihilator
  4542 | D        | Noticed a deep elf demonologist
  4547 | D        | Noticed a deep elf demonologist
  4547 | D        | Noticed a deep elf death mage
  4547 | D        | Killed a deep elf demonologist
  4551 | D        | Noticed a deep elf blademaster
  4555 | D        | Killed a deep elf demonologist
  4560 | D        | Noticed a deep elf annihilator
  4664 | D        | Noticed a deep elf death mage
  4672 | D        | Killed a deep elf death mage
  4738 | D        | Killed a deep elf death mage
  4746 | D        | Killed a deep elf annihilator
  5254 | D        | Killed a deep elf annihilator
  5254 | D        | Reached skill level 23 in Stealth
  5626 | D        | Bought a book of Clouds for 495 gold pieces
  5671 | D        | Learned a level 3 spell: Mephitic Cloud
  5678 | D        | Learned a level 6 spell: Freezing Cloud
  5685 | D        | Learned a level 6 spell: Poisonous Cloud
  5793 | D        | Bought an Akashic Record for 1324 gold pieces
  5801 | D        | Learned a level 7 spell: Controlled Blink
  5810 | D        | Learned a level 8 spell: Disjunction
  5998 | D        | Noticed Harold
  5998 | D        | Noticed Joseph
  6000 | D        | Killed Harold
  6000 | D        | Reached skill level 1 in Translocations
  6000 | D        | Reached skill level 1 in Air Magic
  6000 | D        | Reached skill level 1 in Poison Magic
  6002 | D        | Killed Joseph
  6018 | D        | Noticed an orc priest
  6018 | D        | Noticed an orc high priest
  6019 | D        | Noticed an orc high priest
  6019 | D        | Noticed an orc high priest
  6020 | D        | Killed an orc high priest
  6021 | D        | Killed an orc priest
  6024 | D        | Killed an orc high priest
  6025 | D        | Killed an orc high priest
  6117 | D        | Noticed a spriggan defender
  6118 | D        | Noticed a spriggan defender
  6118 | D        | Noticed a spriggan defender
  6118 | D        | Noticed a spriggan defender
  6126 | D        | Killed a spriggan defender
  6128 | D        | Killed a spriggan defender
  6141 | D        | Killed a spriggan defender
  6142 | D        | Killed a spriggan defender
  6142 | D        | Reached skill level 10 in Ice Magic
  6261 | D        | Lost mutation: You are clumsy. (Dex -2) [evolution]
  6261 | D        | Lost mutation: You evolve. [end of evolution]
  6328 | D        | Noticed a brown ugly thing
  6328 | D        | Noticed a great orb of eyes
  6331 | D        | Killed a brown ugly thing
  6331 | D        | Reached XP level 14. HP: 64/64 MP: 37/37
  6332 | D        | a great orb of eyes changed into an anaconda
  6399 | D        | Noticed a cyan ugly thing
  6402 | D        | Killed a cyan ugly thing
  6417 | D        | Noticed a slime creature
  6418 | D        | Noticed a fire dragon
  6420 | D        | Killed a slime creature
  6423 | D        | Killed a fire dragon
  6430 | D        | Noticed a centaur warrior
  6430 | D        | Noticed a hill giant
  6432 | D        | Killed a hill giant
  6435 | D        | Killed a centaur warrior
  6458 | D        | Noticed a swamp dragon
  6460 | D        | Killed a swamp dragon
  6479 | D        | Noticed a vampiric short sword
  6479 | D        | Noticed a vampiric battleaxe
  6480 | D        | Noticed a vampiric scimitar
  6481 | D        | Noticed a glaive of freezing
  6482 | D        | Killed a vampiric scimitar
  6484 | D        | Killed a glaive of freezing
  6486 | D        | Killed a vampiric short sword
  6488 | D        | Killed a vampiric battleaxe
  6687 | D        | Noticed an obsidian statue
  6710 | D        | Killed an obsidian statue
  6710 | D        | Reached skill level 5 in Translocations
  7015 | D        | Found Rohulyed's Weapon Emporium.
  7015 | D        | Found Upsuitat's Distillery.
  7015 | D        | Found Aleaps's Weapon Shoppe.
  7015 | D        | Found Wocw's Distillery.
  7015 | D        | Found Xaovis's Book Emporium.
  7015 | D        | Found Ercheffo's Gadget Shop.
  7015 | D        | Found Hutim's Food Emporium.
  7015 | D        | Found Ysigh's Gadget Boutique.
  7016 | D        | Found Egridghuaqu's Antique Weapon Boutique.
  7016 | D        | Found Tec Kuw's Antique Armour Shoppe.
  7016 | D        | Found Xohaj's Jewellery Shop.
  7016 | D        | Found Edeop's Magic Scroll Emporium.
  7030 | D        | Bought a scroll of enchant armour for 90 gold pieces
  7030 | D        | Bought a scroll of identify for 24 gold pieces
  7030 | D        | Bought a scroll of identify for 24 gold pieces
  7030 | D        | Bought a scroll of identify for 24 gold pieces
  7030 | D        | Bought a scroll of identify for 24 gold pieces
  7030 | D        | Bought a scroll of enchant weapon for 90 gold pieces
  7038 | D        | Bought a cloak for 112 gold pieces
  7048 | D        | Bought a potion of curing for 30 gold pieces
  7048 | D        | Bought a potion of magic for 80 gold pieces
  7048 | D        | Bought a potion of curing for 30 gold pieces
  7048 | D        | Bought a potion of curing for 30 gold pieces
  7048 | D        | Bought a potion of curing for 30 gold pieces
  7072 | D        | Noticed a crystal guardian
  7075 | D        | Killed a crystal guardian
  7077 | D        | Noticed a crystal guardian
  7077 | D        | Noticed a crystal guardian
  7077 | D        | Noticed a crystal guardian
  7078 | D        | Killed a crystal guardian
  7081 | D        | Killed a crystal guardian
  7084 | D        | Killed a crystal guardian
  7166 | D        | Noticed a yaktaur captain
  7166 | D        | Noticed a red ugly thing
  7167 | D        | Noticed a brown ugly thing
  7167 | D        | Noticed a slime creature
  7167 | D        | Noticed a slime creature
  7168 | D        | Noticed a slime creature
  7169 | D        | Killed a red ugly thing
  7181 | D        | Killed a yaktaur captain
  7181 | D        | Reached skill level 24 in Stealth
  7191 | D        | Killed a slime creature
  7213 | D        | Killed a slime creature
  7222 | D        | Killed a brown ugly thing
  7227 | D        | Killed a slime creature
  7454 | D        | Bought a scroll of magic mapping for 42 gold pieces
  7514 | D        | Noticed a skeletal warrior
  7514 | D        | Noticed a skeletal warrior
  7514 | D        | Noticed a skeletal warrior
  7514 | D        | Noticed a skeletal warrior
  7515 | D        | Noticed an ancient lich
  7516 | D        | Killed a skeletal warrior
  7517 | D        | Killed a skeletal warrior
  7519 | D        | Killed a skeletal warrior
  7520 | D        | Killed a skeletal warrior
  7793 | D        | Noticed a guardian mummy
  7794 | D        | Noticed a guardian mummy
  7795 | D        | Noticed a sphinx
  7795 | D        | Noticed a sphinx
  7795 | D        | Noticed a guardian mummy
  7796 | D        | Killed a guardian mummy
  7797 | D        | Killed a guardian mummy
  7881 | D        | Killed a sphinx
  7882 | D        | Killed a sphinx
  7885 | D        | Killed a guardian mummy
  7945 | D        | Noticed a mummy priest
  7945 | D        | Noticed a guardian mummy
  7947 | D        | Killed a guardian mummy
  7955 | D        | Killed a mummy priest
  7955 | D        | Reached skill level 5 in Poison Magic
  8115 | D        | Noticed a guardian mummy
  8115 | D        | Noticed a guardian mummy
  8117 | D        | Killed a guardian mummy
  8117 | D        | Reached skill level 15 in Hexes
  8118 | D        | Noticed a guardian mummy
  8120 | D        | Killed a guardian mummy
  8254 | D        | Noticed a guardian mummy
  8255 | D        | Killed a guardian mummy
  8268 | D        | Noticed a guardian mummy
  8269 | D        | Noticed a guardian mummy
  8269 | D        | Noticed a mummy priest
  8269 | D        | Noticed a mummy priest
  8270 | D        | Killed a guardian mummy
  8271 | D        | Killed a guardian mummy
  8303 | D        | Killed a mummy priest
  8303 | D        | Killed by a mummy priest's death curse

Vault maps used:
D:        dungeon_sprint_mu

Action                   |  1- 3 |  4- 6 |  7- 9 | 10-12 | 13-15 || total
-------------------------+-------+-------+-------+-------+-------++-------
Melee: Dagger            |     9 |     7 |    70 |   178 |     3 ||   267
       Short sword       |       |       |       |       |   298 ||   298
       Quick blade       |       |       |       |       |   307 ||   307
 Cast: Ensorcelled Hiber |     6 |     1 |    33 |    48 |    27 ||   115
       Confuse           |       |       |     5 |       |     4 ||     9
       Dazzling Spray    |       |       |     3 |    17 |   109 ||   129
       Tukima's Dance    |       |       |       |     8 |     5 ||    13
       Freezing Cloud    |       |       |       |       |     1 ||     1
Invok: Shadow Step       |       |       |       |    19 |    15 ||    34
  Use: Scroll            |       |     3 |       |       |    10 ||    13
       Potion            |       |     2 |     1 |     1 |     1 ||     5
 Stab: Sleeping          |     5 |     7 |    17 |    66 |    45 ||   140
       Confused          |       |       |     3 |       |       ||     3
       Invisible         |       |       |     1 |     6 |    10 ||    17
       Distracted        |       |       |       |       |     1 ||     1
  Eat: Fruit             |       |       |       |     1 |     7 ||     8
